 Dungeon Crawl Stone Soup version 0.17.1-2-g5865329 (webtiles) character file.

6362 Ratboiler the Fighter (level 10, 92/92 HPs)
             Began as a Purple Draconian Wanderer on Feb 6, 2016.
             Was a Believer of Qazlal.
             Quit the game on level 1 of the Lair of Beasts on Feb 7, 2016.
             The game lasted 00:54:20 (13181 turns).

Ratboiler the Fighter (Purple Draconian Wanderer)  Turns: 13181, Time: 00:54:20

Health: 92/92      AC:  9    Str: 15    XL:     10   Next: 65%
Magic:  14/14      EV: 16    Int: 14    God:    Qazlal [**....]
Gold:   119        SH:  8    Dex: 15    Spells: 1 memorised, 13 levels left

rFire  . . .     SeeInvis .     a - +1 morningstar (freeze)
rCold  . . .     Clarity  .     (armour unavailable)
rNeg   . . .     SustAt   .     h - +0 buckler
rPois  .         Gourm    .     (helmet restricted)
rElec  .         Spirit   .     Z - +1 cloak {+Inv}
rCorr  .         Warding  .     (no gloves)
rMut   .         Stasis   .     (no boots)
MR     +....                    (no amulet)
Stlth  ++........               V - +3 ring of intelligence
                                l - +1 ring of slaying

@: somewhat resistant to hostile enchantments, unstealthy
A: breathe power, unfitting armour, cold-blooded, AC +7
a: Breathe Dispelling Energy, Upheaval, Renounce Religion, Evoke Invisibility


You were on level 1 of the Lair of Beasts.
You worshipped Qazlal.
Qazlal was pleased with you.
You were not hungry.

You visited 3 branches of the dungeon, and saw 12 of its levels.

You collected 545 gold pieces.
You spent 426 gold pieces at shops.

Inventory:

Hand Weapons
 a - a +1 morningstar of freezing (weapon)
 b - a +0 blowgun
 H - a +0 hunting sling
Missiles
 g - 56 sling bullets
 v - 183 stones
 y - 4 throwing nets (quivered)
 B - 36 poisoned needles
 O - 54 arrows
Armour
 h - a +0 buckler (worn)
 Z - a +1 cloak of invisibility (worn)
Jewellery
 l - a +1 ring of slaying (left hand)
 V - a +3 ring of intelligence (right hand)
 X - an uncursed ring of teleportation
Wands
 r - a wand of paralysis (10)
 E - a wand of frost (19)
 F - a wand of slowing (21)
 I - a wand of frost (21)
 K - a wand of random effects (11)
 P - a wand of random effects (17)
 U - a wand of fireball (0)
Scrolls
 d - 3 scrolls of teleportation
 f - a scroll of enchant armour
 i - 2 scrolls of remove curse
 j - a scroll of magic mapping {unknown}
 m - 3 scrolls of recharging
 o - 3 scrolls of fog
 q - a scroll of enchant weapon {unknown}
 s - 2 scrolls of immolation {unknown}
 u - a scroll of summoning {unknown}
 w - a scroll of noise {unknown}
 A - 3 scrolls of amnesia
 D - a scroll of fear {unknown}
 Q - a scroll of brand weapon {unknown}
 S - a scroll of blinking {unknown}
Potions
 c - a potion of ambrosia {unknown}
 e - 2 potions of cancellation {unknown}
 k - a potion of might
 t - a potion of invisibility {unknown}
 x - 4 potions of mutation
 z - 6 potions of curing
 J - 3 potions of lignification {unknown}
 L - 2 potions of heal wounds {unknown}
 T - 3 potions of magic
 Y - a potion of berserk rage {unknown}
Books
 n - a book of Conjurations

   Spells                             Type                      Level
   a - Magic Dart                     Conjuration                  1
   b - Searing Ray                    Conjuration                  2
   c - Dazzling Spray                 Conjuration/Hexes            3
   d - Fulminant Prism                Conjuration/Hexes            4
   e - Iskenderun's Mystic Blast      Conjuration                  4
   f - Iskenderun's Battlesphere      Conjuration/Charms           5
 G - a Grand Grimoire

   Spells                             Type                      Level
   a - Monstrous Menagerie            Summoning                    6
   b - Summon Greater Demon           Summoning                    7
   c - Malign Gateway                 Summoning/Translocation      7
   d - Summon Horrible Things         Summoning                    8
Comestibles
 p - 3 fruits
 R - 4 bread rations
 W - a beef jerky


   Skills:
 * Level 9.7 Fighting
 + Level 9.4 Maces & Flails
 - Level 1.0 Throwing
 + Level 7.4 Dodging
 - Level 1.0 Stealth
 - Level 5.0 Shields
 - Level 3.0 Unarmed Combat
 - Level 2.9 Spellcasting
 - Level 1.0 Conjurations
 - Level 1.1 Evocations


You had 13 spell levels left.
You knew the following spells:

 Your Spells              Type           Power        Failure   Level  Hunger
a - Magic Dart            Conj           #...         17%         1    #......


Dungeon Overview and Level Annotations

Branches:
Dungeon (10/15)            Temple (1/1) D:5            Lair (1/8) D:10
    Orc: D:9-12

Altars:
Cheibriados
Elyvilon
Fedhas
Gozag
Qazlal
Sif Muna
Trog
Vehumet
Xom

Shops:
D:7 :   D:9 }![((

Annotations:
D:2 Natasha
D:9 simples's ghost, novice MiBe
D:10 exclusion: oklob plant


Innate Abilities, Weirdness & Mutations

You can breathe bolts of dispelling energy.
Your rich purple scales are hard (AC +7).
Your body does not fit into most forms of armour.
You are cold-blooded and may be slowed by cold attacks.


Message History

Press ? for a list of commands and other information.
You now have 119 gold pieces (gained 11).
Found an escape hatch in the floor.
There is an escape hatch in the floor here.
Found a falchion.
Your pack is full.
You see here a scroll labeled KEBLAXTALAU.
Drop what? 52/52 slots (_ for help) (? for menu, Esc to quit)
Okay, then.
Drop what? 52/52 slots (_ for help) (? for menu, Esc to quit)
You drop 4 scrolls of random uselessness.
You drop a wand of enslavement {empty}.
You drop a +2 whip of draining.
You drop an uncursed shortbow.
j - a scroll labeled KEBLAXTALAU Saving game... please wait.
Welcome back, Ratboiler the Purple Draconian Wanderer.
Qazlal says: Let the forces of nature tear it all down!
Press ? for a list of commands and other information.
Are you sure you want to abandon this character and quit the game? (Confirm with "yes".)

....# ###...## #
.........## #...###
# .........###.#.# #
.........#.####
.........##
........# #......>#
##......#
####@.P...# P....
#####.#..####.##
.... ........## #..#
#...
#.###...#####..##...
###..#.....#...
#.)..........(
###........##.
#..####...## #..)..
#....##


There were no monsters in sight!

Vanquished Creatures
  A hydra (Lair:1)
  Erica (D:9)
  2 komodo dragons (Lair:1)
  A two-headed ogre (D:8)
  A wyvern (D:10)
  3 yaks (D:8)
  Eustachio (D:4)
  A spriggan (D:7)
  Menkaure (D:5)
  Duvessa (D:4)
  A black bear (D:9)
  A sky beast (D:5)
  A water moccasin (Lair:1)
  2 centaurs
  6 ogres
  Blork the orc (D:5)
  2 big kobolds
  8 giant frogs
  Dowan (D:4)
  3 scorpions
  A killer bee (D:8)
  2 jellies
  A gnoll shaman (D:4)
  6 wights
  A giant frog skeleton (D:9)
  2 orc wizards
  3 crimson imps (D:5)
  6 worker ants
  Crazy Yiuf (D:4)
  5 hounds
  An orc priest (D:3)
  A killer bee zombie (D:6)
  A hound zombie (D:4)
  A hound skeleton (D:4)
  A worker ant zombie (D:9)
  Robin (D:4)
  12 adders
  9 gnolls
  12 river rats
  3 oozes
  4 worms
  2 adder zombies
  6 giant geckos
  10 orcs
  A ball python (D:4)
  5 giant cockroaches
  13 goblins
  5 hobgoblins
  3 jackals (D:1)
  7 kobolds
  5 quokkas
  12 bats
  A giant gecko zombie (D:6)
  3 giant newts
  A jackal zombie (D:6)
  28 rats
  A plant (D:10)
216 creatures vanquished.

Vanquished Creatures (others)
  A worm (D:4)
  A giant cockroach (D:4)
  A quokka (D:4)
  A plant (D:10)
4 creatures vanquished.

Grand Total: 220 creatures vanquished

Notes
Turn   | Place    | Note
--------------------------------------------------------------
     0 | D:1      | Ratboiler the Draconian Wanderer began the quest for the Orb.
     0 | D:1      | Ratboiler set off with: a book of Conjurations, 2 scrolls of teleportation, a +0 dagger, a bread ration
     0 | D:1      | Reached XP level 1. HP: 14/14 MP: 3/3
     2 | D:1      | Learned a level 1 spell: Magic Dart
   266 | D:1      | Reached skill level 1 in Fighting
   271 | D:1      | Reached XP level 2. HP: 23/23 MP: 1/5
  1144 | D:2      | Reached XP level 3. HP: 30/30 MP: 6/6
  1759 | D:2      | Noticed Natasha
  2542 | D:3      | Reached skill level 1 in Maces & Flails
  2542 | D:3      | Reached XP level 4. HP: 17/38 MP: 7/7
  3408 | D:4      | Reached XP level 5. HP: 20/45 MP: 8/8
  3974 | D:4      | Noticed Robin
  4209 | D:4      | Killed Robin
  4401 | D:4      | Noticed Crazy Yiuf
  4412 | D:4      | Killed Crazy Yiuf
  4454 | D:4      | Reached skill level 4 in Maces & Flails
  4454 | D:4      | Reached XP level 6. HP: 48/51 MP: 9/9
  4692 | D:4      | Found a radiant altar of Vehumet.
  4735 | D:4      | Noticed Duvessa
  4736 | D:4      | Noticed Dowan
  4778 | D:4      | Killed Duvessa
  5123 | D:4      | Noticed an ogre
  5133 | D:4      | Killed an ogre
  5133 | D:4      | Reached skill level 5 in Maces & Flails
  5545 | D:4      | Killed Dowan
  5545 | D:4      | Your scales start taking on a rich purple colour.
  5545 | D:4      | Reached XP level 7. HP: 39/57 MP: 11/11
  5840 | D:5      | Entered Level 5 of the Dungeon
  5894 | D:5      | Noticed Menkaure
  5895 | D:5      | Reached skill level 6 in Maces & Flails
  6278 | D:5      | Found a snail-covered altar of Cheibriados.
  6576 | D:5      | Noticed Blork the orc
  6587 | D:5      | Killed Blork the orc
  6587 | D:5      | Reached skill level 7 in Maces & Flails
  6587 | D:5      | Reached XP level 8. HP: 63/63 MP: 12/12
  6675 | D:5      | Killed Menkaure
  6759 | D:5      | Found a shimmering altar of Xom.
  6761 | D:5      | Found an opulent altar of Gozag.
  6793 | D:5      | Found a staircase to the Ecumenical Temple.
  6802 | Temple   | Entered the Ecumenical Temple
  6819 | Temple   | Became a worshipper of Qazlal Stormbringer
  6887 | D:5      | Noticed Eustachio
  6953 | D:4      | Killed Eustachio
  6953 | D:4      | Reached skill level 8 in Maces & Flails
  7238 | D:6      | Reached skill level 5 in Dodging
  7664 | D:6      | Reached * piety under Qazlal
  8057 | D:7      | Found Waarocs's Book Shop.
  8474 | D:6      | Reached XP level 9. HP: 37/73 MP: 13/13
  8502 | D:6      | Reached skill level 5 in Fighting
  8949 | D:7      | Got a pitted dagger
  8950 | D:7      | Identified the +5 dagger "Woipn" {pierce, Str+3} (You found it on level 7 of the Dungeon)
  9021 | D:7      | Reached skill level 9 in Maces & Flails
  9528 | D:8      | Found a blossoming altar of Fedhas.
  9890 | D:8      | Found a bloodstained altar of Trog.
 10199 | D:9      | Noticed Erica
 10321 | D:9      | Reached ** piety under Qazlal
 10687 | D:9      | Noticed simples's ghost (novice MiBe)
 10786 | D:8      | Reached skill level 1 in Shields
 10927 | D:9      | Found Byzo's Distillery.
 10935 | D:9      | Got an ichor-stained war axe
 11095 | D:8      | Reached XP level 10. HP: 71/88 MP: 14/14
 11108 | D:9      | Bought a potion of might for 68 gold pieces
 11108 | D:9      | Bought a potion of curing for 51 gold pieces
 11108 | D:9      | Bought a potion of mutation for 42 gold pieces
 11108 | D:9      | Bought a potion of poison for 17 gold pieces
 11108 | D:9      | Bought a potion of magic for 136 gold pieces
 11159 | D:9      | Found Aguor's Antique Armour Emporium.
 11264 | D:9      | Bought a runed cloak for 112 gold pieces
 11311 | D:9      | Killed Erica
 11488 | D:9      | Found Jona's Gadget Boutique.
 11686 | D:9      | Found Kabrul's Weapon Boutique.
 11767 | D:9      | Found Bot Omnu's Weapon Boutique.
 11826 | D:10     | Entered Level 10 of the Dungeon
 12390 | D:10     | Noticed an oklob plant
 12391 | D:10     | Found a staircase to the Lair.
 12408 | Lair:1   | Entered Level 1 of the Lair of Beasts
 12439 | Lair:1   | Noticed a seven-headed hydra
 12467 | Lair:1   | Killed a seven-headed hydra
 12478 | Lair:1   | Reached skill level 5 in Shields
 13181 | Lair:1   | Quit the game

Action                   |  1- 3 |  4- 6 |  7- 9 | 10-12 || total
-------------------------+-------+-------+-------+-------++-------
Melee: Dagger            |   191 |       |       |       ||   191
       Whip              |    11 |   126 |   263 |       ||   400
       Flail             |     9 |    72 |       |       ||    81
       Morningstar       |       |       |   156 |   104 ||   260
 Fire: Blowgun           |       |       |     1 |     6 ||     7
Throw: Throwing net      |       |     1 |       |       ||     1
 Cast: Magic Dart        |    16 |    11 |     2 |       ||    29
 Abil: Breathe Dispellin |       |       |     1 |       ||     1
Evoke: Wand              |       |       |       |     5 ||     5
  Use: Scroll            |     5 |       |     8 |     2 ||    15
       Potion            |     1 |     1 |     2 |     2 ||     6
 Stab: Sleeping          |     4 |     2 |       |       ||     6
  Eat: Chunk             |     4 |     2 |     3 |     3 ||    12
       Fruit             |     3 |     1 |       |       ||     4
       Bread ration      |       |     1 |     1 |       ||     2
       Meat ration       |       |     1 |     1 |     1 ||     3
       Pizza             |       |       |     2 |       ||     2
       Beef jerky        |       |       |       |     1 ||     1
